 Dungeon Crawl Stone Soup version 0.28.0-1-gb440e238dd (webtiles) character file.

Game seed: 17565329218611433851

320 croobank the Sneak (level 6, -6/32 HPs)
             Began as an Octopode Fire Elementalist on Feb 20, 2022.
             Was a Follower of Hepliaklqana.
             Shot with an arrow by a centaur (8 damage)
             ... on level 5 of the Dungeon.
             The game lasted 00:10:32 (4327 turns).

croobank the Sneak (Octopode Fire Elementalist)     Turns: 4327, Time: 00:10:33

Health: -6/32      AC:  1    Str:  7    XL:     6   Next: 46%
Magic:  1/10       EV: 14    Int: 20    God:    Hepliaklqana [*.....]
Gold:   183        SH:  0    Dex: 12    Spells: 4/11 levels left

rFire   . . .      SeeInvis .   a - +0 dagger (speed)
rCold   . . .      Faith    .   (no shield)
rNeg    . . .      Spirit   .   (helmet restricted)
rPois   .          Reflect  .   (no amulet)
rElec   .          Harm     .   (no ring)
rCorr   .          Rampage  .   (no ring)
Will    .....                   (no ring)
Stlth   ++++......              (no ring)
HPRegen 0.10/turn               (no ring)
MPRegen 0.12/turn               (no ring)
                                (no ring)
                                (no ring)

@: no status effects
A: reduced essence, almost no armour, amphibious, 8 rings, camouflage 1,
gelatinous body 1, (nimble swimmer 1), tentacles
a: Renounce Religion, Recall Ancestor, Ancestor Identity


You were on level 5 of the Dungeon.
You worshipped Hepliaklqana.
Hepliaklqana was aware of your devotion.
You visited 1 branch of the dungeon, and saw 5 of its levels.

You collected 183 gold pieces.

Inventory:

Hand Weapons
 a - a +0 dagger of speed (weapon)
Missiles
 b - 29 stones
 c - 20 sling bullets
 e - 67 arrows
Magical Staves
 k - a staff of earth
Wands
 n - a wand of flame (19)
Scrolls
 i - a scroll of identify
 l - a scroll of teleportation
Potions
 d - a potion of magic
 f - 2 potions of brilliance
 g - a potion of curing
 h - a potion of degeneration {unknown}
 j - a potion of heal wounds {unknown}
 m - a potion of might {unknown}


   Skills:
 + Level 3.4 Dodging
 + Level 4.8 Stealth
 + Level 3.2 Spellcasting
 + Level 2.8 Conjurations
 + Level 4.0 Fire Magic


You had 4 spell levels left.
You knew the following spells:

 Your Spells              Type           Power      Damage    Failure   Level
a - Foxfire               Conj/Fire      68%        2x1d7     3%          1
b - Scorch                Fire           38%        2d6       4%          2
c - Flame Wave            Conj/Fire      17%        2d6       32%         4

Your spell library contained the following spells:

 Spells                   Type           Power      Damage    Failure   Level
 Conjure Flame            Conj/Fire      17%        6-21      10%         3
 Static Discharge         Conj/Air       8%         N/A       12%         2
 Inner Flame              Hex/Fire       11%        N/A       19%         3
 Lightning Bolt           Conj/Air       4%         1d15      91%         5
 Maxwell's Capacitive Co  Air            1%         ∞         100%        8


Dungeon Overview and Level Annotations

Branches:
Dungeon (5/15)             Temple (0/1) D:4

Altars:
Cheibriados
Dithmenos
Elyvilon
Hepliaklqana
Nemelex Xobeh

Annotations:
D:2 Sigmund
D:3 2 transporters, Konebred's ghost, weakling DEVM


Innate Abilities, Weirdness & Mutations

Your life essence is reduced to manifest your ancestor. (-10% HP)
You cannot wear most types of armour.
You are amphibious.
You can wear up to eight rings at the same time.
Your skin changes colour to match your surroundings (Stealth+).
Your rubbery body absorbs attacks. (AC +1, EV +1)
((You are camouflaged when in or above water. (Stealth+)))
You have tentacles for arms and can constrict up to eight enemies at once.


Message History

The arrow hits you.
You hear a shout! x2
Casting: Foxfire (safe; 3% risk of failure)
Confirm with . or Enter, or press ? or * to list all spells.
You can't see any susceptible monsters within range! (Use Z to cast anyway.)
Casting: Foxfire (safe; 3% risk of failure)
Confirm with . or Enter, or press ? or * to list all spells.
You conjure some foxfire!
The foxfire hits the centaur but does no damage.
The centaur shoots an arrow.
The arrow closely misses you.
Your foxfire dissipates!
The foxfire hits the centaur but does no damage.
Casting: Foxfire (safe; 3% risk of failure)
Confirm with . or Enter, or press ? or * to list all spells.
Flames lash the centaur.
The centaur is lightly wounded.
The centaur's fire resistance burns away.
You hear a shout!
The centaur shoots an arrow.
The arrow closely misses you.
The centaur shoots an arrow.
The arrow hits you!
An ogre comes into view. It is wielding a +0 giant club.
Casting: Scorch (safe; 4% risk of failure)
Confirm with . or Enter, or press ? or * to list all spells.
You don't have enough magic to cast this spell.
Casting: Scorch (safe; 4% risk of failure)
Confirm with . or Enter, or press ? or * to list all spells.
You don't have enough magic to cast this spell.
The centaur is no longer more vulnerable to fire.
The centaur shoots an arrow.
The arrow closely misses you.
Ahumratum hits the centaur.
Found a hunting sling.
The centaur shoots an arrow.
The arrow hits you.
Ahumratum hits the centaur but does no damage.
The centaur shoots an arrow.
The arrow completely misses you.
The centaur shoots an arrow.
The arrow hits you.
* * * LOW HITPOINT WARNING * * *
Ahumratum hits the centaur but does no damage.
The centaur shoots an arrow.
The arrow hits you!
* * * LOW HITPOINT WARNING * * *
Ahumratum hits the centaur.
The centaur shoots an arrow.
The arrow hits you!
You die...

########+##.#
#.........#.#
#.........#.#
##.........#†#
#..........#c####
#...........R...#
#...............# ..
#...............##.####
#)####@###......##.#..
#.# #......##.#.##
#.###......##.#...
..#...............
###.##.........).. ...
#............ ##
#............
#......<.....
##+#<........


You could see the friendly Ahumratum the ancestor and a centaur (ally target).

Vanquished Creatures
  A necrophage (D:5)
  An iron imp (D:4)
  3 gnolls (D:4)
  5 adders
  2 worms (D:2)
  2 orcs (D:3)
  6 bats
  5 endoplasms
  3 giant cockroaches
  3 goblins
  2 hobgoblins (D:2)
  3 jackals (D:2)
  5 kobolds
  3 quokkas
  7 ball pythons
  2 frilled lizards (D:1)
  5 rats
58 creatures vanquished.

Vanquished Creatures (collateral kills)
  A scorpion (D:4)
  A gnoll (D:4)
2 creatures vanquished.

Vanquished Creatures (others)
  109 foxfires
  6 plants (D:3)
115 creatures vanquished.

Grand Total: 175 creatures vanquished

Notes
Turn   | Place    | Note
-------+----------+-------------------------------------------
     0 | D:1      | croobank the Octopode Fire Elementalist began the quest for
                  | the Orb.
     0 | D:1      | Reached XP level 1. HP: 11/11 MP: 3/3
   301 | D:1      | Reached XP level 2. HP: 10/17 MP: 3/5
   304 | D:1      | Learned a level 2 spell: Scorch
   994 | D:1      | Found a faded altar of an unknown god.
  1169 | D:2      | Reached XP level 3. HP: 21/21 MP: 1/6
  1447 | D:2      | Reached XP level 4. HP: 25/27 MP: 0/7
  1934 | D:2      | Noticed Sigmund
  2138 | D:3      | Found a shadowy altar of Dithmenos.
  2392 | D:3      | Found a hazy altar of Hepliaklqana.
  2398 | D:3      | Found a transporter.
  2400 | D:3      | Became a worshipper of Hepliaklqana the Forgotten
  2512 | D:3      | Noticed Konebred's ghost (weakling DEVM)
  2562 | D:3      | Found a transporter.
  2819 | D:3      | Found a white marble altar of Elyvilon.
  2959 | D:3      | Found a sparkling altar of Nemelex Xobeh.
  3227 | D:4      | Reached * piety under Hepliaklqana
  3275 | D:4      | Reached XP level 5. HP: 8/27 MP: 0/9
  3823 | D:4      | Found a staircase to the Ecumenical Temple.
  3837 | D:4      | Found a snail-covered altar of Cheibriados.
  4043 | D:4      | Learned a level 4 spell: Flame Wave
  4250 | D:5      | Entered Level 5 of the Dungeon
  4251 | D:5      | Noticed a necrophage
  4258 | D:5      | Killed a necrophage
  4259 | D:5      | Reached XP level 6. HP: 32/32 MP: 4/10
  4327 | D:5      | Shot with an arrow by a centaur

Illustrated notes

Levels and vault maps discovered:
D:1:      dpeg_arrival_shrine, layout_loops_ring,
          hellmonk_ecumenical_altar_leap_of_faith, minmay_hexomino_p4
D:2:      layout_basic, due_unseen_surprise, uniq_sigmund
D:3:      layout_basic, nicolae_dithmenos_the_darkroom, elyvilon_altar_5,
          overflow_temple_1_default, mainiacjoe_overflow_alcove_4,
          gammafunk_ghost_gnarly_gnolls
D:4:      layout_basic, slow_altar_1, minmay_temple_entry_hall, hex_tiny
D:5:      layout_basic, mainiacjoe_overflow_alcove_2, okawaru_ov_weapons_minmay

Skill      XL: |  1  2  3  4  5 |
---------------+----------------+-----
Stealth        | 3 4 |  4.8
Conjurations   | 2 |  2.8
Dodging        | 3 |  3.4
Spellcasting   | 3 |  3.2
Fire Magic     | 4 |  4.0

Action                   |  1- 3 |  4- 6 || total
-------------------------+-------+-------++-------
Melee: Dagger            |    14 |    22 ||    36
       Tentacles         |     4 |     8 ||    12
       Constrict         |     2 |     6 ||     8
 Cast: Foxfire           |    35 |    32 ||    67
       Scorch            |     9 |    25 ||    34
  Use: Scroll            |     1 |     3 ||     4
       Potion            |       |     1 ||     1
Armor: Skin              |     1 |     2 ||     3
Dodge: Dodged            |     9 |    20 ||    29
